 Dungeon Crawl Stone Soup version 0.29.1-1-gd02db6906a (webtiles) character file.

Game seed: 5459941378459490560

23 MisterFreud the Vexing (level 3, -3/31 HPs)
             Began as a Hill Orc Wanderer on Sept 18, 2022.
             Slain by a goblin
             ... wielding a +0 dagger
             ... led by Robin
              (4 damage)
             ... on level 2 of the Dungeon.
             The game lasted 00:01:53 (2018 turns).

MisterFreud the Vexing (Hill Orc Wanderer)          Turns: 2018, Time: 00:01:54

Health: -3/31      AC:  2    Str: 15    XL:     3   Next: 0%
Magic:  2/4        EV: 11    Int: 15    God:
Gold:   84         SH:  0    Dex:  8    Spells: 3/4 levels left

rFire   . . .      SeeInvis .   k - +1 dagger (elec)
rCold   . . .      Faith    .   (no shield)
rNeg    . . .      Spirit   .   c - +0 robe
rPois   .          Reflect  .   (no helmet)
rElec   .          Harm     .   (no cloak)
rCorr   .          Rampage  .   (no gloves)
Will    .....                   (no boots)
Stlth   +.........              (no amulet)
HPRegen 0.10/turn               (no ring)
MPRegen 0.09/turn               (no ring)

@: no status effects
A: no striking features
a: no special abilities


You were on level 2 of the Dungeon.
You visited 1 branch of the dungeon, and saw 2 of its levels.

You collected 84 gold pieces.

Inventory:

Hand Weapons
 a - a +0 club
 k - a +1 dagger of electrocution (weapon)
Missiles
 j - 3 datura-tipped darts
Armour
 c - a +0 robe (worn)
Scrolls
 d - 3 scrolls of teleportation
 e - a scroll of magic mapping {unknown}
 h - a scroll of identify {unknown}
 i - a scroll of poison {unknown}
Potions
 b - a potion of lignification
 f - a potion of cancellation {unknown}
 g - a potion of haste {unknown}


   Skills:
 + Level 3.4 Fighting
 - Level 1.1 Armour
 - Level 1.0 Spellcasting
 - Level 1.0 Conjurations
 - Level 4.0 Hexes
 - Level 1.2 Invocations
 - Level 1.0 Evocations


You had 3 spell levels left.
You knew the following spells:

 Your Spells              Type           Power      Damage    Failure   Level
a - Slow                  Hex            48%        N/A       4%          1

Your spell library contained the following spells:

 Spells                   Type           Power      Damage    Failure   Level
 Tukima's Dance           Hex            12%        N/A       14%         3
 Searing Ray              Conj           6%         2d4       24%         2
 Static Discharge         Conj/Air       2%         3-4/arc   30%         2
 Inner Flame              Hex/Fire       6%         N/A       32%         3


Dungeon Overview and Level Annotations

Branches:
Dungeon (2/15)

Altars:


Message History

* * * LOW HITPOINT WARNING * * *
The goblin hits you with a +0 dagger.
* * * LOW HITPOINT WARNING * * *
You hit Robin but do no damage.
Robin is almost dead.
Robin roars a battlecry!
The goblins go into a battle-frenzy!
The goblin misses you.
Unknown command.
You hit Robin but do no damage. Lightning courses through Robin!
You kill Robin!
The goblin closely misses you.
Your Fighting skill increases to level 3!
You have reached level 3!
Your experience leads to an increase in your attributes!
Increase (S)trength, (I)ntelligence, or (D)exterity?
You feel stronger. x2
Casting: Slow (safe; 4% risk of failure)
Confirm with . or Enter, or press ? or * to list all spells.
Aiming: Slow (safe; 4% risk of failure)
Press: ? - help, Shift-Dir - straight line, f - goblin
Aim: a goblin, wielding a +0 dagger (strong, chance to affect: 68%)
The goblin struggles to resist.
The hobgoblin completely misses you. The goblin hits you but does no damage.
Unknown command.
You hit the goblin.
The goblin is moderately wounded.
The hobgoblin barely misses you. The goblin hits you with a +0 dagger.
* * * LOW HITPOINT WARNING * * *
You closely miss the goblin.
The goblin is moderately wounded.
The goblin closely misses you. The hobgoblin barely misses you.
You barely miss the goblin.
The goblin is moderately wounded.
The hobgoblin closely misses you. The goblin hits you with a +0 dagger.
* * * LOW HITPOINT WARNING * * *
You closely miss the goblin.
The goblin is moderately wounded.
The hobgoblin barely misses you. The goblin hits you with a +0 dagger.
You die...

#g #g #g
#g #. #.
#!##.#####
#.....g@g#
####.#####
... ###.
##


You could see a hobgoblin (strong) and a goblin (strong).

Vanquished Creatures
  Robin (D:2)
  A ball python (D:1)
  2 bats (D:1)
  A frilled lizard (D:1)
  5 goblins
  2 kobolds (D:1)
  A rat (D:1)
13 creatures vanquished.

Notes
Turn   | Place    | Note
-------+----------+-------------------------------------------
     0 | D:1      | MisterFreud the Hill Orc Wanderer began the quest for the
                  | Orb.
     0 | D:1      | MisterFreud set off with the following items: a +0 club, a
                  | potion of lignification, a +0 robe, a scroll of
                  | teleportation; and the following spell memorised: Slow; and
                  | the following spells available to memorise: Tukima's Dance,
                  | Searing Ray, Static Discharge, Inner Flame.
     0 | D:1      | Reached XP level 1. HP: 16/16 MP: 2/2
  1017 | D:1      | Reached XP level 2. HP: 12/25 MP: 3/3
  1584 | D:2      | Noticed Robin
  2013 | D:2      | Killed Robin
  2014 | D:2      | Reached XP level 3. HP: 5/31 MP: 2/4
  2017 | D:2      | HP: 1/31 [goblin/+0 dagger[Robin] (3)]
  2018 | D:2      | Slain by a goblin

Illustrated notes

Levels and vault maps discovered:
D:1:      minmay_arrival_four_houses, layout_loops_corners
D:2:      layout_basic, hellmonk_ecumenical_altar_lost_god, uniq_robin

Skill      XL: |  1  2 |
---------------+-------+-----
Fighting       | 2 3 |  3.4
Armour         | |  1.1
Spellcasting   | |  1.0
Conjurations   | |  1.0
Hexes          | |  4.0
Invocations    | |  1.2
Evocations     | |  1.0

Action                   || total
-------------------------++-------
Melee: Club              ||    53
       Dagger            ||    20
 Cast: Slow              ||    14
Armor: Robe              ||    25
Dodge: Dodged            ||    47
